 Dungeon Crawl Stone Soup version 0.26.1-2-gb8aa6d0cf2 (webtiles) character file.

Game seed: 4092767372537161799

152 Goaboa the Skirmisher (level 5, 0/33 HPs)
             Began as a Gargoyle Fighter on Feb 23, 2021.
             Killed from afar by an orc (8 damage)
             ... with a bolt of acid
             ... on level 3 of the Dungeon on Feb 26, 2021.
             The game lasted 00:11:22 (2162 turns).

Goaboa the Skirmisher (Gargoyle Fighter)            Turns: 2162, Time: 00:11:22

Health: 0/33       AC:  8    Str: 21    XL:     5   Next: 34%
Magic:  5/5        EV:  7    Int:  8    God:
Gold:   139        SH: 14    Dex:  9    Spells: 4/4 levels left

rFire    . . .     SeeInvis .   k - +0 mace
rCold    . . .     Faith    .   c - +0 kite shield
rNeg     + . .     Spirit   .   b - +0 scale mail
rPois    ∞         Reflect  +   (no helmet)
rElec    +         Harm     .   j - +0 cloak
rCorr    .         Rampage  .   (no gloves)
Will     .....                  (no boots)
Stlth    ..........             f - amulet of reflection
HPRegen  0.11/turn              (no ring)
MPRegen  0.09/turn              (no ring)

@: corroded
A: negative energy resistance 1, electricity resistance, unbreathing,
petrification resistance, miasma immunity, AC +4
a: no special abilities


You were on level 3 of the Dungeon.
You visited 1 branch of the dungeon, and saw 3 of its levels.

You collected 139 gold pieces.

Inventory:

Hand Weapons
 a - a +0 flail
 k - a +0 mace (weapon)
Armour
 b - a +0 scale mail (worn)
 c - a +0 kite shield (worn)
 j - a +0 cloak (worn)
Jewellery
 f - an amulet of reflection (around neck)
 m - an uncursed amulet of magic regeneration {unknown}
Scrolls
 d - a scroll of remove curse {unknown}
 e - a scroll of magic mapping {unknown}
 g - 3 scrolls of identify {unknown}
 l - a scroll of fog {unknown}
 q - a scroll of amnesia {unknown}
Potions
 h - 2 potions of invisibility {unknown}
 i - a potion of resistance {unknown}
 n - a potion of curing {unknown}
 o - 2 potions of magic {unknown}
 p - a potion of brilliance {unknown}


   Skills:
 + Level 4.3 Fighting
 + Level 3.1 Maces & Flails
 + Level 4.3 Armour
 + Level 4.2 Shields


You had 4 spell levels left.
You didn't know any spells.
Your spell library was empty.

Dungeon Overview and Level Annotations

Branches:
Dungeon (3/15)

Altars:
Elyvilon


Innate Abilities, Weirdness & Mutations

You are resistant to torment.
Your stone body is resilient. (AC +4)
You are immune to poison.
You resist negative energy. (rN+)
You are resistant to electric shocks. (rElec)
You can survive without breathing.
You are immune to petrification.
You are immune to miasma.


Message History

No target in view!
No target in view!
No target in view!
An orc comes into view.
The orc shouts!
You hear a shout!
An orc comes into view. It is wielding a +0 club.
The orc zaps a wand.
The bolt of acid hits you! The acid corrodes you!
You are splashed with acid!
* * * LOW HITPOINT WARNING * * *
You block the orc's attack.
The orc zaps a wand.
The bolt of acid misses you. You block the orc's attack.
You completely miss the orc. The orc hits you but does no damage.
The orc barely misses you. You block the orc's attack.
You hit the orc but do no damage. You block the orc's attack. x2
The orc hits you but does no damage. The orc hits you with a +0 dagger.
* * * LOW HITPOINT WARNING * * *
You hit the orc.
The orc is severely wounded.
You block the orc's attack. x2; The orc zaps a wand.
The bolt of acid hits you!
You die...

.#.....#.#. ...........
.#.⌠.⌠.#.. ########
.......... #.......
.#.....#.########.######
...._....#..().....(#
.#....o#.#.######.#.#
......o@.#.# #.#.####
.#.⌠.⌠.#o..# #.# ##..
.........### #.# #.#
.#.....#.. ..# ..
..........# ..# .#
####......# .# ########
. ..


You could see 3 orcs.

Vanquished Creatures
  Jessica (D:2)
  Natasha (thrice) (D:2)
  A worm (D:2)
  2 dart slugs
  A leopard gecko (D:2)
  8 bats
  2 giant cockroaches (D:2)
  6 goblins
  8 hobgoblins
  3 kobolds
  A quokka (D:3)
  4 frilled lizards
  4 rats
44 creatures vanquished.

Notes
Turn   | Place    | Note
-------+----------+-------------------------------------------
     0 | D:1      | Goaboa the Gargoyle Fighter began the quest for the Orb.
     0 | D:1      | Reached XP level 1. HP: 14/14 MP: 1/1
   237 | D:1      | Reached XP level 2. HP: 17/19 MP: 2/2
   977 | D:2      | Noticed Natasha
   983 | D:2      | Noticed a crimson imp
   987 | D:2      | Noticed a crimson imp
   991 | D:2      | Killed Natasha
   992 | D:2      | Reached XP level 3. HP: 16/24 MP: 3/3
  1089 | D:2      | Noticed Jessica
  1096 | D:2      | Killed Jessica
  1097 | D:2      | Reached XP level 4. HP: 28/29 MP: 4/4
  1124 | D:2      | Noticed Natasha
  1161 | D:2      | Killed Natasha
  1447 | D:2      | Noticed Natasha
  1460 | D:2      | Killed Natasha
  1461 | D:2      | Reached XP level 5. HP: 29/33 MP: 5/5
  2153 | D:3      | Found a white marble altar of Elyvilon.
  2162 | D:3      | Killed from afar by an orc

Illustrated notes

Levels and vault maps discovered:
D:1:      nicolae_arrival_memento_mori, layout_loops_ring
D:2:      layout_basic, minmay_crystal_water, grunt_decor_fettered,
          uniq_natasha, uniq_jessica
D:3:      layout_loops_ring, elyvilon_altar_5, gammafunk_ghost_split

Skill      XL: |  1  2  3  4 |
---------------+-------------+-----
Fighting       | 4 |  4.3
Armour         | 4 |  4.3
Shields        | 4 |  4.2
Maces & Flails | 3 |  3.1

Action                   |  1- 3 |  4- 6 || total
-------------------------+-------+-------++-------
Melee: Flail             |    27 |       ||    27
       Mace              |    43 |   119 ||   162
  Use: Potion            |       |     1 ||     1
Armor: Scale mail        |    34 |    48 ||    82
Dodge: Dodged            |    18 |    26 ||    44
Block: Kite shield       |    39 |    91 ||   130
       Reflection        |     1 |     2 ||     3
